[Event "British Championship 2024"]
[Site "Hull"]
[Date "2024.07.31"]
[Round "5.30"]
[White "Saunders, Aron"]
[Black "Villiers, Thomas"]
[Result "0-1"]
[Annotator "RC"]
[ECO "B52"]
[WhiteElo "2105"]
[BlackElo "2229"]
[PlyCount "74"]
[EventDate "2024.07.31"]
[EventCountry "GBR"]
[SourceTitle "playchess.com"]
[Source "ChessBase"]
[SourceQuality "1"]
[TimeControl "40/5400+30:1800+30"]

1. e4 c5 2. Nf3 d6 3. Bb5+ Bd7 4. Bxd7+ Qxd7 5. O-O g6 6. c3 Bg7 7. d4 cxd4 8. cxd4 Nf6 9. Nc3 O-O 10. Qe2 Nc6 11. Rd1 Ne8 12. Bf4 Nc7 13. d5 Ne5 14. Bxe5 dxe5 15. Rac1 Rfc8 16. Qd3 Ne8 17. Nb5 a6 18. Na3 b5 19. Nc2 a5 20. b4 Nd6 21. bxa5 Nc4 22. Rb1 Rxa5 23. Nb4 Ra3 24. Qe2 Rca8 25. Nd2 Qc7 26. Nxc4 Qxc4 27. Qxc4 bxc4 28. Kf1 Bh6 29. Ke2 Kg7 30. d6 exd6 31. Rxd6 Rxa2+ 32. Kf1 c3 33. Re1 Rb2 34. Nd3 Rd2 35. Rd5 c2 36. Nc1 Rxd5 37. exd5 Ra1 0-1

[Event "British Championship 2024"]
[Site "Hull"]
[Date "2024.07.31"]
[Round "5.31"]
[White "Dicen, Elis Denele"]
[Black "Shafi, Declan"]
[Result "0-1"]
[Annotator "RC"]
[ECO "C45"]
[WhiteElo "2073"]
[BlackElo "2222"]
[PlyCount "138"]
[EventDate "2024.07.31"]
[EventCountry "GBR"]
[SourceTitle "playchess.com"]
[Source "ChessBase"]
[SourceQuality "1"]
[TimeControl "40/5400+30:1800+30"]

1. e4 e5 2. Nf3 Nc6 3. d4 exd4 4. Nxd4 Nf6 5. Nxc6 bxc6 6. Nd2 Bc5 7. Nb3 Bb6 8. e5 Qe7 9. Qe2 Nd5 10. c4 Ba6 11. Qe4 f5 12. Qe2 O-O-O 13. Bd2 Nb4 14. Bxb4 Qxb4+ 15. Qd2 Qxd2+ 16. Kxd2 Bxf2 17. c5 Bb7 18. Bd3 f4 19. Ke2 Be3 20. g3 Rde8 21. gxf4 Bxf4 22. Kd1 Rxe5 23. Kc2 h6 24. Raf1 g5 25. h4 Rhe8 26. hxg5 hxg5 27. Rh7 Kd8 28. Bc4 R5e7 29. Rh6 d5 30. Bd3 Re6 31. Rh7 Bc8 32. Nd4 Rf6 33. Rg7 Bd7 34. Rh1 Be5 35. Ne2 Bf5 36. Rxg5 Bxd3+ 37. Kxd3 Rf3+ 38. Kd2 Rf2 39. Rg4 Bxb2 40. Re1 Ba3 41. Kd3 Bxc5 42. Ra4 Rf3+ 43. Kd2 Rfe3 44. Kd1 Kd7 45. Rf4 a5 46. a3 Bxa3 47. Rf2 Bc5 48. Rg2 a4 49. Rf1 a3 50. Nc1 Bb4 51. Kc2 c5 52. Kb1 d4 53. Rd1 Re1 54. Rg1 Rxg1 55. Rxg1 c4 56. Rg4 c5 57. Rg2 Re1 58. Ka2 d3 59. Rg7+ Ke6 60. Rg2 d2 61. Nd3 cxd3 62. Rh2 d1=R 63. Rh3 Rd2+ 64. Kb3 Rb2+ 65. Ka4 a2 66. Rf3 a1=Q+ 67. Kb5 Bd2+ 68. Kc4 Qa4+ 69. Kxd3 Qd4# 0-1

[Event "British Championship 2024"]
[Site "Hull"]
[Date "2024.07.31"]
[Round "5.32"]
[White "Starley, Robert"]
[Black "Pang, Ethan"]
[Result "1-0"]
[Annotator "RC"]
[ECO "B30"]
[WhiteElo "2017"]
[BlackElo "2164"]
[PlyCount "159"]
[EventDate "2024.07.31"]
[EventCountry "GBR"]
[SourceTitle "playchess.com"]
[Source "ChessBase"]
[SourceQuality "1"]
[TimeControl "40/5400+30:1800+30"]

1. e4 c5 2. Nf3 Nc6 3. Bb5 e5 4. O-O Be7 5. Bxc6 dxc6 6. Nxe5 Qd4 7. Nf3 Qxe4 8. d3 Qg6 9. Re1 Nf6 10. Bf4 Nd5 11. Bg3 Be6 12. Nbd2 O-O 13. Qe2 h6 14. a4 Rad8 15. a5 Nb4 16. Ne5 Qh7 17. Ndc4 Rfe8 18. a6 b6 19. Rad1 h5 20. c3 Nxd3 21. Rxd3 Rxd3 22. Nxb6 Rdd8 23. Nxc6 axb6 24. Nxd8 Rxd8 25. a7 Ra8 26. Qe5 Qd3 27. Qb8+ Qd8 28. Bc7 Qf8 29. Rd1 Qc8 30. Qxb6 c4 31. Bb8 Bc5 32. Qa5 Qc6 33. Qd8+ Kh7 34. Qg5 Bg4 35. Ra1 Qb6 36. h3 Bxf2+ 37. Kh1 Be6 38. Qxh5+ Kg8 39. Qf3 Qxb2 40. Rd1 Rxb8 41. axb8=Q+ Qxb8 42. Qxf2 Qe5 43. Qh4 f6 44. Re1 Qf5 45. Qe4 Qxe4 46. Rxe4 Kf7 47. Kg1 Bd5 48. Re1 f5 49. Kf2 Kf6 50. g3 g5 51. h4 gxh4 52. gxh4 f4 53. Rg1 Be4 54. Rg4 Kf5 55. Rg5+ Kf6 56. Rc5 Bd3 57. Kf3 Kg6 58. Kxf4 Kh6 59. Ke3 Bf1 60. Kd2 Bd3 61. Kc1 Kg6 62. Kb2 Kf6 63. Ka3 Ke6 64. Kb4 Ke7 65. Rxc4 Bf5 66. Rd4 Be6 67. Re4 Kd7 68. Rxe6 Kxe6 69. c4 Kd6 70. c5+ Kd5 71. Kb5 Ke6 72. c6 Ke7 73. Kb6 Kd8 74. Kb7 Ke7 75. c7 Kf6 76. c8=Q Kg7 77. Qf5 Kh8 78. Qg5 Kh7 79. h5 Kh8 80. h6 1-0

[Event "British Championship 2024"]
[Site "Hull"]
[Date "2024.07.31"]
[Round "5.33"]
[White "Southcott-Moyers, Indy"]
[Black "Larkin, Benjamin"]
[Result "1-0"]
[Annotator "RC"]
[ECO "A16"]
[WhiteElo "2182"]
[BlackElo "1952"]
[PlyCount "91"]
[EventDate "2024.07.31"]
[EventCountry "GBR"]
[SourceTitle "playchess.com"]
[Source "ChessBase"]
[SourceQuality "1"]
[TimeControl "40/5400+30:1800+30"]

1. Nf3 Nf6 2. c4 g6 3. Nc3 d5 4. cxd5 Nxd5 5. h4 Bg7 6. e4 Nxc3 7. dxc3 Qxd1+ 8. Kxd1 Nd7 9. h5 b6 10. Bf4 e5 11. Be3 Bb7 12. Nd2 O-O-O 13. Kc2 f5 14. f3 f4 15. Bf2 g5 16. h6 Bf8 17. Bc4 Nf6 18. Rad1 Rd6 19. Bf7 Ba6 20. Nc4 Rxd1 21. Kxd1 Bxc4 22. Bxc4 Kd7 23. Ke2 Ke7 24. g3 c5 25. a4 Ng8 26. a5 Nxh6 27. axb6 axb6 28. Ra1 Kd6 29. Ra7 Be7 30. gxf4 gxf4 31. b4 cxb4 32. Bxb6 Rc8 33. cxb4 Rxc4 34. Bc5+ Rxc5 35. bxc5+ Ke6 36. Ra6+ Kd7 37. Rxh6 Bxc5 38. Rxh7+ Kc6 39. Kd3 Kb5 40. Rd7 Kc6 41. Rd5 Bd6 42. Kc4 Bb8 43. Rd1 Ba7 44. Rh1 Bc5 45. Rh6+ Bd6 46. Rg6 1-0

[Event "British Championship 2024"]
[Site "Hull"]
[Date "2024.07.31"]
[Round "5.35"]
[White "Larchikov, Maksym"]
[Black "Sachdeva, Ronit"]
[Result "0-1"]
[Annotator "RC"]
[ECO "D19"]
[WhiteElo "2181"]
[BlackElo "1907"]
[PlyCount "72"]
[EventDate "2024.07.31"]
[EventCountry "GBR"]
[SourceTitle "playchess.com"]
[Source "ChessBase"]
[SourceQuality "1"]
[TimeControl "40/5400+30:1800+30"]

1. d4 d5 2. c4 c6 3. Nc3 Nf6 4. Nf3 dxc4 5. a4 Bf5 6. e3 e6 7. Bxc4 Bb4 8. O-O O-O 9. Qe2 Bg6 10. Ne5 Nbd7 11. Nxg6 hxg6 12. Rd1 Qe7 13. e4 e5 14. d5 Nb6 15. dxc6 Nxc4 16. Qxc4 bxc6 17. g3 Qc5 18. Qd3 Qe7 19. Bg5 Bc5 20. Be3 Rab8 21. Rab1 Rb4 22. f3 Rfb8 23. Rd2 g5 24. h3 Bd4 25. Bxd4 exd4 26. Ne2 c5 27. Qc2 Nd7 28. f4 Rb3 29. e5 gxf4 30. gxf4 Rxh3 31. Kg2 Qh4 32. Qf5 Rh2+ 33. Kf3 Qf2+ 34. Ke4 Qe3+ 35. Kd5 Qf3+ 36. Kd6 Rh6+ 0-1

[Event "British Championship 2024"]
[Site "Hull"]
[Date "2024.07.31"]
[Round "5.36"]
[White "Bradbury, Neil H"]
[Black "Sanger, Jake M"]
[Result "1-0"]
[Annotator "RC"]
[ECO "D78"]
[WhiteElo "2153"]
[BlackElo "2026"]
[PlyCount "33"]
[EventDate "2024.07.31"]
[EventCountry "GBR"]
[SourceTitle "playchess.com"]
[Source "ChessBase"]
[SourceQuality "1"]
[TimeControl "40/5400+30:1800+30"]

1. d4 Nf6 2. Nf3 g6 3. g3 Bg7 4. Bg2 O-O 5. c4 c6 6. O-O d5 7. Nbd2 Bf5 8. b3 a5 9. Bb2 b5 10. Ne5 bxc4 11. bxc4 a4 12. Rc1 Ra6 13. Ba3 Nbd7 14. cxd5 cxd5 15. Nc6 Rxc6 16. Rxc6 Qa5 17. Bxe7 1-0

[Event "British Championship 2024"]
[Site "Hull"]
[Date "2024.07.31"]
[Round "5.39"]
[White "Rida, Ruqayyah"]
[Black "Verma, Aditya"]
[Result "1-0"]
[Annotator "RC"]
[ECO "C54"]
[WhiteElo "1962"]
[BlackElo "2118"]
[PlyCount "75"]
[EventDate "2024.07.31"]
[EventCountry "GBR"]
[SourceTitle "playchess.com"]
[Source "ChessBase"]
[SourceQuality "1"]
[TimeControl "40/5400+30:1800+30"]

1. e4 e5 2. Nf3 Nc6 3. Bc4 Nf6 4. d3 Bc5 5. c3 a5 6. a4 d6 7. Bb3 h6 8. O-O O-O 9. Re1 Re8 10. Nbd2 Be6 11. Nc4 Ba7 12. h3 Qd7 13. Be3 Bxe3 14. Rxe3 Rad8 15. Qe2 Qc8 16. Re1 Qa8 17. Qc2 Qa7 18. Na3 Qb6 19. Nb5 Bxb3 20. Qxb3 Na7 21. Qc4 c6 22. Nxa7 Qxa7 23. d4 Nxe4 24. Nxe5 d5 25. Qd3 c5 26. dxc5 Qxc5 27. Nf3 Qb6 28. R3e2 Qc6 29. Qd4 Rf8 30. Re3 Rc8 31. Ne5 Qc5 32. Qd1 Rfe8 33. Nd3 Qb6 34. Nf4 Qxb2 35. R1e2 Qb6 36. Nxd5 Qg6 37. f3 Nd6 38. Rxe8+ 1-0

[Event "British Championship 2024"]
[Site "Hull"]
[Date "2024.07.31"]
[Round "5.40"]
[White "Subramanian, Anusha"]
[Black "Arnott, Jonathan W"]
[Result "1-0"]
[Annotator "RC"]
[ECO "E11"]
[WhiteElo "2050"]
[BlackElo "2104"]
[PlyCount "132"]
[EventDate "2024.07.31"]
[EventCountry "GBR"]
[SourceTitle "playchess.com"]
[Source "ChessBase"]
[SourceQuality "1"]
[TimeControl "40/5400+30:1800+30"]

1. d4 e6 2. c4 Nf6 3. Nf3 Bb4+ 4. Nbd2 d5 5. Qa4+ Nc6 6. e3 O-O 7. a3 Bxd2+ 8. Bxd2 Ne4 9. Bd3 Nxd2 10. Nxd2 dxc4 11. Nxc4 e5 12. Qc2 exd4 13. Bxh7+ Kh8 14. Be4 dxe3 15. Nxe3 f5 16. Bxc6 f4 17. Be4 fxe3 18. O-O exf2+ 19. Rxf2 Rxf2 20. Qd2 Re2 21. Qxe2 c6 22. Qf2 Qb6 23. Qxb6 axb6 24. Rd1 Bg4 25. Rd4 Kg8 26. Bxc6 bxc6 27. Rxg4 Rd8 28. Rb4 b5 29. Kf2 Rd2+ 30. Kf3 Kf7 31. h4 Ke6 32. g4 Ke5 33. Rb3 g6 34. Re3+ Kf6 35. Kf4 Rf2+ 36. Ke4 Rxb2 37. Rc3 Re2+ 38. Kf4 Re6 39. Rc5 Ke7 40. Kg5 Kd6 41. Rc3 Kd5 42. h5 gxh5 43. gxh5 c5 44. h6 Kd4 45. h7 Re8 46. Rb3 Rh8 47. Kg6 Kc4 48. Rb1 b4 49. a4 Ra8 50. Kg7 Ra7+ 51. Kg6 Ra8 52. Rh1 b3 53. h8=Q Rxh8 54. Rxh8 Kb4 55. Rb8+ Kxa4 56. Kf5 Ka3 57. Ke4 Ka2 58. Kd3 c4+ 59. Kc3 Ka1 60. Ra8+ Kb1 61. Rf8 Ka2 62. Rf1 b2 63. Kc2 Ka3 64. Rb1 c3 65. Kxc3 Ka2 66. Rxb2+ Ka1 1-0

[Event "British Championship 2024"]
[Site "Hull"]
[Date "2024.07.31"]
[Round "5.41"]
[White "Merriman, James"]
[Black "Pal, Rohan"]
[Result "1/2-1/2"]
[Annotator "RC"]
[ECO "D37"]
[WhiteElo "1974"]
[BlackElo "2097"]
[PlyCount "33"]
[EventDate "2024.07.31"]
[EventCountry "GBR"]
[SourceTitle "playchess.com"]
[Source "ChessBase"]
[SourceQuality "1"]
[TimeControl "40/5400+30:1800+30"]

1. d4 d5 2. c4 e6 3. Nc3 Be7 4. Nf3 Nf6 5. cxd5 exd5 6. Bf4 O-O 7. Qc2 c5 8. dxc5 Bxc5 9. e3 Nc6 10. Be2 d4 11. Rd1 Nb4 12. Qb1 Nbd5 13. Nxd5 Nxd5 14. O-O Nxf4 15. exf4 Qf6 16. Ng5 Bf5 17. Bd3 1/2-1/2

[Event "British Championship 2024"]
[Site "Hull"]
[Date "2024.07.31"]
[Round "5.42"]
[White "Atako, Chino C"]
[Black "Lentzos, Ioanis"]
[Result "0-1"]
[Annotator "RC"]
[ECO "B22"]
[WhiteElo "2003"]
[BlackElo "2119"]
[PlyCount "95"]
[EventDate "2024.07.31"]
[EventCountry "GBR"]
[SourceTitle "playchess.com"]
[Source "ChessBase"]
[SourceQuality "1"]
[TimeControl "40/5400+30:1800+30"]

1. e4 c5 2. Nf3 e6 3. c3 d5 4. exd5 Qxd5 5. d4 Nf6 6. Be2 cxd4 7. cxd4 Nc6 8. Nc3 Qd6 9. O-O Be7 10. g3 O-O 11. Bf4 Qd8 12. Rc1 b6 13. Qa4 Bb7 14. Rfd1 Nd5 15. Bd2 Nxc3 16. bxc3 Qd5 17. Qc4 Qxc4 18. Bxc4 Na5 19. Be2 Ba3 20. Rb1 Be4 21. Rb5 Rac8 22. Ne5 f6 23. Rxa5 bxa5 24. Nc4 Be7 25. Nxa5 Rfd8 26. f3 Bc2 27. Rc1 Ba4 28. Bc4 Kf7 29. Re1 Rd6 30. Bd3 Bd8 31. Nb7 Rd7 32. Nxd8+ Rdxd8 33. Kf2 e5 34. Bf5 Bd7 35. Bxd7 Rxd7 36. Re4 exd4 37. cxd4 Rc2 38. Ke3 Re7 39. Rxe7+ Kxe7 40. Bb4+ Ke6 41. a3 Rxh2 42. Bc5 a6 43. g4 g6 44. Bb6 h5 45. gxh5 gxh5 46. a4 Ra2 47. Kf4 Rxa4 48. Kg3 0-1

[Event "British Championship 2024"]
[Site "Hull"]
[Date "2024.07.31"]
[Round "5.43"]
[White "Beaumont, Chris R"]
[Black "Verma, Shlok"]
[Result "0-1"]
[Annotator "RC"]
[ECO "D24"]
[WhiteElo "2198"]
[BlackElo "2102"]
[PlyCount "92"]
[EventDate "2024.07.31"]
[EventCountry "GBR"]
[SourceTitle "playchess.com"]
[Source "ChessBase"]
[SourceQuality "1"]
[TimeControl "40/5400+30:1800+30"]

1. c4 e6 2. Nc3 d5 3. d4 Nf6 4. Nf3 dxc4 5. e4 b5 6. e5 Nd5 7. Nxb5 Nb6 8. Be2 Nc6 9. O-O Be7 10. a4 Na5 11. Be3 a6 12. Nc3 Bb7 13. Qc2 O-O 14. Ne4 Qd5 15. Nc5 Bc6 16. Qc3 Nb3 17. Nxb3 cxb3 18. Rfc1 Bd7 19. Qxc7 Bd8 20. Qc5 Nxa4 21. Qxd5 exd5 22. Ra3 Nxb2 23. Rxb3 Nc4 24. Nd2 Nxe3 25. fxe3 a5 26. Rb7 Be6 27. Nb3 Bg5 28. Kf2 a4 29. Nc5 a3 30. Ra1 a2 31. Rb2 Ra3 32. Bd3 Rfa8 33. Ke2 Bg4+ 34. Kd2 Bf5 35. Rb3 Bxd3 36. Kxd3 h5 37. Kd2 Rxb3 38. Nxb3 Ra3 39. Kc2 Bxe3 40. Kb2 Ra4 41. Rxa2 Bxd4+ 42. Nxd4 Rxd4 43. Ra8+ Kh7 44. Ra7 Kg6 45. Ra6+ Kf5 46. Ra7 Kxe5 0-1

[Event "British Championship 2024"]
[Site "Hull"]
[Date "2024.08.01"]
[Round "6.1"]
[White "Jones, Gawain C B"]
[Black "Ghasi, Ameet K"]
[Result "1/2-1/2"]
[Annotator "TA"]
[ECO "E95"]
[WhiteElo "2633"]
[BlackElo "2496"]
[PlyCount "54"]
[EventDate "2024.07.31"]
[EventCountry "GBR"]
[SourceTitle "playchess.com"]
[Source "ChessBase"]
[SourceQuality "1"]
[TimeControl "40/5400+30:1800+30"]

1. d4 Nf6 2. c4 g6 3. Nc3 Bg7 4. e4 d6 5. Be2 O-O 6. Nf3 e5 7. O-O h6 8. Re1 Nbd7 9. Qc2 c6 10. h3 {[%emt 0:04:37] White is more active.} exd4 11. Nxd4 {[%emt 0:01:06] White is slightly better.} Re8 12. Bf4 Nc5 13. Bf3 (13. Bf1 $5) 13... Nh7 14. Rad1 Ng5 15. Bg4 f5 16. Nxf5 gxf5 17. exf5 Rxe1+ 18. Rxe1 Nf7 19. Bh5 Ne5 20. Re3 {[%emt 0:00:22] Prevents Ncd3} a5 (20... Nxc4 $2 {is the wrong capture.} 21. Re8+ $18) (20... Qh4 {feels hotter.} 21. g4 Bxf5 22. Qxf5 Rf8) 21. g4 Bd7 22. Ne4 (22. Ne2 $11) 22... Nxe4 $1 $15 23. Qxe4 b6 24. Bg3 Qf6 25. b3 ({White should try} 25. Rb3 $11) 25... Kf8 (25... Rd8 $15) 26. h4 Rd8 27. Kf1 Rc8 {[%emt 0:02:43] Weighted Error Value: White=0.19 (very precise) /Black=0.12 (very precise) .  Mistake:       	White=2     	Black=1      Inaccurate:     	White=2     	Black=4      OK:         	White=5     	Black=6      Best:        	---       	Black=3      Strong:       	---       	Black=1} 1/2-1/2

[Event "British Championship 2024"]
[Site "Hull"]
[Date "2024.08.01"]
[Round "6.2"]
[White "Wadsworth, Matthew J"]
[Black "Royal, Shreyas"]
[Result "1-0"]
[Annotator "TA"]
[ECO "A34"]
[WhiteElo "2467"]
[BlackElo "2483"]
[PlyCount "97"]
[EventDate "2024.07.31"]
[EventCountry "GBR"]
[SourceTitle "playchess.com"]
[Source "ChessBase"]
[SourceQuality "1"]
[TimeControl "40/5400+30:1800+30"]

1. Nf3 Nf6 2. g3 c5 3. Bg2 Nc6 4. c4 d5 5. cxd5 Nxd5 6. Nc3 Nxc3 7. bxc3 e5 8. O-O Be7 9. d3 O-O {[%emt 0:00:31] A34: Symmetrical English: 2 Nc3, lines with ...d5.} 10. Nd2 Be6 11. Nc4 Qc7 12. Ne3 (12. Rb1 $5) 12... Qd7 13. c4 Bh3 14. Bxh3 $146 ({Predecessor:} 14. Rb1 Bxg2 15. Kxg2 Rae8 16. Nd5 f5 17. e4 Bd8 18. f3 Ba5 19. Be3 b6 20. Rb2 Rf7 21. Rbf2 {½-½ Ipatov,A (2631)-Roiz,M (2598) PRO League Stage rapid 2020 (1)}) 14... Qxh3 15. Nd5 Bd6 16. e3 Rfe8 17. Rb1 b6 18. Bb2 Rad8 19. Qf3 Nb4 20. e4 Nxd5 21. exd5 Qd7 22. Rfe1 b5 23. cxb5 f6 24. a4 Bc7 25. Ba3 Qxd5 26. Qe4 Bb6 27. Rec1 Qxd3 28. Qxd3 Rxd3 29. Bxc5 Red8 $2 (29... Bxc5 $11 {and Black stays safe.} 30. Rxc5 Ra3) 30. Bxb6 $1 $18 axb6 {[%emt 0:00:01] [#]} 31. a5 $1 bxa5 (31... Kf7 $142 32. a6 (32. axb6 Rb8 $18) 32... Ra3) 32. b6 $18 Rb8 33. b7 Rdd8 34. Rc7 Rf8 {[%emt 0:04:09] [#]} 35. Rbc1 $1 (35. Ra1 Rf7 36. Rc8+ Rf8 $16) 35... a4 36. Rd7 (36. Ra1 Rf7 37. Rc8+ Rf8 $16) 36... a3 37. Rcc7 Rf7 $2 (37... Kh8 $18 38. Rc3 (38. Rxg7 Rfd8 $16) 38... a2) 38. Rc8+ $2 (38. Rxf7 {mates} a2 39. Kg2 (39. Rxg7+ Kf8 $18) 39... a1=Q 40. Rxg7+ Kh8 41. Rxh7+ Kg8 42. Rhd7 Qa6 43. h4) 38... Rf8 $11 39. Rcc7 $2 (39. Rc2 $11) 39... Rf7 $1 40. Rxf7 a2 41. Rxg7+ Kf8 42. Rcf7+ Ke8 43. Rxh7 a1=Q+ 44. Kg2 Qa2 45. Rc7 Qd5+ 46. f3 Qa2+ 47. Kh3 Qe6+ 48. Kh4 Kd8 49. Rc8+ 1-0

[Event "British Championship 2024"]
[Site "Hull"]
[Date "2024.08.01"]
[Round "6.3"]
[White "Howell, David W L"]
[Black "Adams, Michael"]
[Result "1/2-1/2"]
[Annotator "TA"]
[ECO "A29"]
[WhiteElo "2675"]
[BlackElo "2670"]
[PlyCount "82"]
[EventDate "2024.07.31"]
[EventCountry "GBR"]
[SourceTitle "playchess.com"]
[Source "ChessBase"]
[SourceQuality "1"]
[TimeControl "40/5400+30:1800+30"]

1. c4 e5 2. Nc3 Nf6 3. Nf3 Nc6 4. g3 d5 5. cxd5 Nxd5 6. Bg2 Nf6 7. O-O h6 8. b4 e4 (8... Bxb4 9. Nxe5 O-O 10. Nxc6 bxc6 11. Qc2 $16 (11. Bxc6 Bh3 $14)) 9. Ne1 Bxb4 10. Nxe4 Nxe4 11. Bxe4 O-O 12. Rb1 {[%emt 0:11:55] [#] Hoping for Bxc6.} Ba5 13. e3 Re8 14. Bg2 Ne5 15. d4 c5 16. Nc2 (16. Nf3 {simplifies} Nxf3+ 17. Bxf3 cxd4 18. Qxd4 Qxd4 19. exd4 Bh3 20. Rd1) 16... Bg4 17. f3 Bf5 18. e4 (18. dxe5 $2 Qxd1 19. Rxd1 Bxc2 $19) 18... cxd4 19. Nxd4 (19. exf5 $11 d3 20. Na3) 19... Bb6 $1 $17 20. Be3 (20. Rxb6 $2 Qxb6 21. Be3 (21. exf5 $2 Nc6 $19) 21... Rad8 $19) 20... Be6 21. Nc2 (21. Nf5 $17 {was worth a try.}) 21... Nc4 $2 (21... Bxa2 22. Qxd8 Rexd8 (22... Raxd8 23. Ra1 $17) 23. Ra1 $17) (21... Qc8 $19 {White must now prevent ...Rd8.} 22. Bxb6 axb6) 22. Bxb6 $11 axb6 ({Don't take} 22... Nxb6 23. Qxd8 Raxd8 (23... Rexd8 24. f4 $15) 24. f4 $15) 23. Qxd8 Rexd8 24. Ra1 Rd2 25. Rf2 Rxf2 {[%emt 0:01:04] The position is equal.} 26. Kxf2 Rd8 {[%emt 0:00:05] [#] And now ...Rd2+ would win.} 27. Re1 Ne5 {[%emt 0:08:33] ...Nd3+ is the strong threat.} 28. Nb4 Rd4 29. a3 Nc4 30. Nc2 Rd2+ 31. Re2 Rd3 32. Bf1 b5 33. Re1 Rc3 34. Nd4 Nxa3 (34... Rxa3 35. Nxb5 Ra2+ 36. Re2) 35. Nxb5 Nxb5 36. Bxb5 {[%emt 0:00:06][%mdl 4096] Endgame. KRB-KRB} Rb3 37. Be2 b5 38. f4 g6 39. Ra1 h5 40. Ra7 Rb2 41. Ke3 Bc4 {[%emt 0:03:15] Weighted Error Value: White=0.12 (very precise) /Black=0.11 (very precise) .  Missed win:     	---       	Black=1      Mistake:       	White=2     	---        Inaccurate:     	---       	Black=1      OK:         	White=15    	Black=19     Best:        	White=4     	Black=1      Strong:       	---       	Black=1} 1/2-1/2

[Event "British Championship 2024"]
[Site "Hull"]
[Date "2024.08.01"]
[Round "6.4"]
[White "Czopor, Maciej"]
[Black "McShane, Luke J"]
[Result "0-1"]
[Annotator "RC"]
[ECO "C47"]
[WhiteElo "2361"]
[BlackElo "2617"]
[PlyCount "156"]
[EventDate "2024.07.31"]
[EventCountry "GBR"]
[SourceTitle "playchess.com"]
[Source "ChessBase"]
[SourceQuality "1"]
[TimeControl "40/5400+30:1800+30"]

1. e4 e5 2. Nf3 Nc6 3. Nc3 Nf6 4. d4 Bb4 5. Nxe5 Bxc3+ 6. bxc3 Qe7 7. Nxc6 Qxe4+ 8. Be2 Qxc6 9. O-O O-O 10. Qd3 d5 11. Bf4 Ne4 12. c4 dxc4 13. Qxc4 Nc3 14. Bd3 Qxc4 15. Bxc4 Be6 16. Bd3 c6 17. a4 Bf5 18. Bxf5 Ne2+ 19. Kh1 Nxf4 20. Rab1 Rab8 21. Rfe1 Rfd8 22. g3 Nd5 23. Rb3 Kf8 24. Bd3 Nf6 25. Reb1 b6 26. a5 b5 27. c4 b4 28. Rxb4 Rxb4 29. Rxb4 Rxd4 30. Bf1 Ke7 31. Kg2 Ne4 32. Kf3 Nc5 33. Ke3 Rd8 34. Rb1 Kd6 35. Kd4 g6 36. Bg2 Rd7 37. Kc3 Kc7 38. Re1 f5 39. Re8 Rd3+ 40. Kc2 Ra3 41. Kb2 Rxa5 42. Re7+ Kb6 43. Rxh7 Nd3+ 44. Kb3 Ra1 45. Rg7 Rg1 46. Bf3 Re1 47. Kc2 Ne5 48. Bd1 a5 49. Re7 Re4 50. Re6 Kc5 51. Kb3 Nxc4 52. Rxg6 a4+ 53. Kc3 Nd6 54. Rg8 Nb5+ 55. Kd2 Rd4+ 56. Kc2 a3 57. Ra8 Kb4 58. h4 c5 59. Bh5 Rd6 60. Bf7 c4 61. Rc8 Nd4+ 62. Kb1 Nc6 63. Ra8 Na5 64. Rxa5 Kxa5 65. Bxc4 Kb4 66. Bf7 Rd1+ 67. Kc2 Rf1 68. Kd3 Rxf2 69. Ke3 a2 70. Bxa2 Rxa2 71. Kf4 Kc5 72. Kxf5 Kd6 73. Kf6 Rf2+ 74. Kg7 Ke7 75. h5 Rg2 76. h6 Rxg3+ 77. Kh8 Kf6 78. h7 Ra3 0-1